 Dungeon Crawl Stone Soup version 0.21-a0-157-gb89e0e2 (webtiles) character file.

676 namelastname112 the Shooter (level 7, -16/60 HPs)
             Began as a Pale Draconian Wanderer on Aug 4, 2017.
             Demolished by a shadow (27 damage)
             ... created by the darkness of Dithmenos
             ... on level 5 of the Dungeon.
             The game lasted 00:05:21 (4016 turns).

namelastname112 the Shooter (DrWn)                  Turns: 4016, Time: 00:05:22

Health: -16/60     AC: 13    Str: 13    XL:     7   Next: 33%
Magic:  10/10      EV: 13    Int: 15    God:
Gold:   233        SH:  0    Dex: 11    Spells: 10/10 levels left

rFire    . . .     SeeInvis .   b - +4 quarterstaff (chaos)
rCold    . . .     Gourm    .   (shield currently unavailable)
rNeg     . . .     Faith    .   (armour unavailable)
rPois    .         Spirit   .   (helmet restricted)
rElec    .         Reflect  .   H - +0 cloak
rCorr    .         Harm     .   i - +2 pair of gloves
MR       .....                  l - +2 pair of boots
Stlth    +.........             (no amulet)
HPRegen  0.20/turn              p - ring of wizardry
MPRegen  0.12/turn              (no ring)

@: no status effects
A: breathe steam, unfitting armour, cold-blooded, AC +6
a: Breathe Steam


You were on level 5 of the Dungeon.
You were not hungry.

You visited 2 branches of the dungeon, and saw 6 of its levels.

You collected 233 gold pieces.

Inventory:

Hand Weapons
 a - a +2 shortbow
 b - a +4 quarterstaff of chaos (weapon)
Missiles
 t - 61 arrows
Armour
 i - a +2 pair of gloves (worn)
 l - a +2 pair of boots (worn)
 H - a +0 cloak (worn)
Jewellery
 p - a ring of wizardry (left hand)
 r - an uncursed ring of ice
Wands
 F - a wand of flame (16/48)
Scrolls
 d - a scroll of teleportation
 e - 6 scrolls of identify {unknown}
 k - 2 scrolls of magic mapping {unknown}
 m - a scroll of random uselessness {unknown}
 o - 3 scrolls of blinking {unknown}
 q - 2 scrolls of immolation {unknown}
 s - 2 scrolls of recharging {unknown}
 v - a scroll of fear {unknown}
 y - 3 scrolls of remove curse {unknown}
 D - 2 scrolls of amnesia {unknown}
Potions
 j - 3 potions of flight
 n - 2 potions of curing
 u - 2 potions of berserk rage {unknown}
 w - a potion of degeneration {unknown}
 x - 3 potions of lignification {unknown}
 z - a potion of mutation {unknown}
 A - a potion of agility {unknown}
 B - a potion of haste {unknown}
 C - a potion of might {unknown}
 E - 2 potions of brilliance {unknown}
Books
 c - the Almanac of Companions

   Spells                             Type                      Level
   a - Summon Butterflies             Summoning                    1
   b - Recall                         Summoning/Translocation      3
Comestibles
 f - 4 bread rations
 g - 4 meat rations
 h - a royal jelly
 G - 3 chunks of flesh


   Skills:
 + Level 4.8 Fighting
 + Level 2.8 Staves
 * Level 5.2 Bows
 - Level 1.7 Throwing
 + Level 3.1 Dodging
 - Level 2.0 Spellcasting
   Level 1.0 Translocations


You had 10 spell levels left.
You didn't know any spells.

Dungeon Overview and Level Annotations

Branches:
Dungeon (5/15)             Temple (1/1) D:5

Altars:
Ashenzari
Cheibriados
Dithmenos
Elyvilon
Fedhas
Hepliaklqana
Kikubaaqudgha
Makhleb
Okawaru
Qazlal
Trog
Uskayaw
Wu Jian
Xom
Yredelemnul
Zin
The Shining One


Innate Abilities, Weirdness & Mutations

You can breathe blasts of scalding, opaque steam.
Your pale cyan-grey scales are hard. (AC +6)
You cannot fit into any form of body armour.
You are cold-blooded and may be slowed by cold attacks.


Message History

You take 4 damage, and have 44/60 hp.
The shadow strikes at you from the darkness!
Reactivating autopickup.
You see here a dagger of venom.
You take 21 damage, and have 23/60 hp.
MASSIVE DAMAGE!!
The shadow slips into darkness.
The shadow flickers and vanishes!
Deactivating autopickup; reactivate with Ctrl-A.
The shadow slips into darkness.
The shadow flickers and vanishes!
The shadow slips into darkness.
The shadow flickers and vanishes!
The shadow slips into darkness.
The shadow flickers and vanishes!
The shadow strikes at you from the darkness!
* * * LOW HITPOINT WARNING * * *
Reactivating autopickup.
You take 13 damage, and have 11/60 hp.
MASSIVE DAMAGE!!
The shadow strikes at you from the darkness!
You die...

#.........# #.........#
######[........#
#########......)....####
#......##....†)[#####
#.####.#......).#
#.####.#.8.#W...#
#.#<........#####
#.#####8.@W8# #.#
#.....# #.# ##.8.##
########.# #####
...#.....# ##.#.#####
#...# #####


You could see 2 shadows.

Vanquished Creatures
  A phantom (D:4)
  Crazy Yiuf (D:4)
  3 orc priests
  5 hounds
  3 orc wizards
  3 worker ants (D:4)
  A hound skeleton (D:4)
  6 adders
  2 dart slugs (D:1)
  4 worms
  2 leopard geckos
  8 orcs
  5 bats
  5 hobgoblins
  13 jackals
  A quokka (D:4)
  2 ball pythons (D:4)
  3 frilled lizards
  8 goblins
  A jackal skeleton (D:4)
  4 kobolds
  11 rats
92 creatures vanquished.

Notes
Turn   | Place    | Note
-------+----------+-------------------------------------------
     0 | D:1      | namelastname112 the Draconian Wanderer began the quest for the Orb.
     0 | D:1      | namelastname112 set off with: a +2 shortbow, 26 arrows, the Almanac of Companions, a scroll of teleportation, a bread ration
     0 | D:1      | Reached XP level 1. HP: 17/17 MP: 3/3
     0 | D:1      | Identified the Almanac of Companions
    75 | D:1      | Reached XP level 2. HP: 25/25 MP: 5/5
   255 | D:1      | Reached skill level 1 in Dodging
   273 | D:1      | Reached skill level 3 in Bows
   574 | D:2      | Reached XP level 3. HP: 30/30 MP: 6/6
  1457 | D:2      | Reached XP level 4. HP: 36/38 MP: 7/7
  1948 | D:3      | Found a white marble altar of Elyvilon.
  2414 | D:4      | Reached XP level 5. HP: 43/45 MP: 8/8
  2483 | D:4      | Reached skill level 1 in Staves
  2510 | D:4      | Reached skill level 4 in Bows
  2543 | D:4      | Reached XP level 6. HP: 36/52 MP: 9/9
  2573 | D:4      | Found an ancient bone altar of Kikubaaqudgha.
  2576 | D:4      | Found a blossoming altar of Fedhas.
  2700 | D:4      | Found a stormy altar of Qazlal.
  3056 | D:4      | Found a basalt altar of Yredelemnul.
  3063 | D:4      | Found a shimmering altar of Xom.
  3269 | D:4      | Found a runed door.
  3345 | D:4      | Reached skill level 5 in Bows
  3345 | D:4      | Your scales start taking on a pale cyan-grey colour.
  3345 | D:4      | Reached XP level 7. HP: 57/60 MP: 10/10
  3554 | D:4      | Noticed Crazy Yiuf
  3559 | D:4      | Killed Crazy Yiuf
  3645 | D:5      | Entered Level 5 of the Dungeon
  3645 | D:5      | Found a staircase to the Ecumenical Temple.
  3685 | D:5      | Found a hazy altar of Hepliaklqana.
  3723 | Temple   | Entered the Ecumenical Temple
  3815 | Temple   | Became a worshipper of Dithmenos the Shadowed
  3843 | D:5      | Fell from the grace of Dithmenos
  4009 | D:5      | Noticed a shadow
  4009 | D:5      | Noticed a shadow
  4009 | D:5      | Noticed a shadow
  4009 | D:5      | Noticed a shadow
  4009 | D:5      | Noticed a shadow
  4016 | D:5      | Demolished by a shadow

Vault maps used:
D:1:      dpeg_arrival_fog
D:3:      elyvilon_altar_1
D:4:      grunt_temple_overflow_growth_and_decay, grunt_temple_overflow_open,
          old_standard_altar, first_bread, uniq_crazy_yiuf_cottage
D:5:      lemuel_crystal_altar, grunt_gozag_breadcrumbs,
          minmay_temple_entry_statues_pillars
Temple:   chequers_temple_sunken

Skill      XL: |  1  2  3  4  5  6  7 |
---------------+----------------------+-----
Dodging        | 1 2 3 |  3.1
Bows           | 3 4 5 |  5.2
Fighting       | 3 4 |  4.8
Staves         | 1 2 |  2.8
Throwing       | |  1.7
Spellcasting   | |  2.0
Translocations | |  1.0

Action                   |  1- 3 |  4- 6 |  7- 9 || total
-------------------------+-------+-------+-------++-------
Melee: Quarterstaff      |       |   211 |    10 ||   221
       Tailslap          |       |    19 |       ||    19
 Fire: Shortbow          |    94 |    51 |    13 ||   158
Invok: Renounce Religion |       |       |     1 ||     1
 Abil: Breathe Steam     |       |       |     1 ||     1
  Use: Potion            |       |       |     2 ||     2
 Stab: Sleeping          |       |     2 |       ||     2
  Eat: Chunk             |       |     7 |     1 ||     8
       Royal jelly       |       |       |     1 ||     1
Armor: Skin              |    17 |   105 |     7 ||   129
Dodge: Dodged            |    28 |   185 |    11 ||   224
